 Dungeon Crawl Stone Soup version 0.30-a0-862-g1aabd4f9c5 (webtiles) character file.

Game seed: 449017590753322273

49241 iguanaiguana the Blocker (level 14, -4/123 HPs)
             Began as an Armataur Ice Elementalist on Mar 8, 2023.
             Was a High Priest of Sif Muna.
             Killed by divine providence
             ... invoked by Saint Roka
              (11 damage)
             ... on level 2 of the Orcish Mines.
             The game lasted 01:47:08 (7584 turns).

iguanaiguana the Blocker (AtIE)                     Turns: 7584, Time: 01:47:08

Health: -4/123     AC: 27    Str: 20    XL:     14   Next: 15%
Magic:  3/23       EV:  7    Int: 20    God:    Sif Muna [*****.]
Gold:   1162       SH: 15    Dex: 17    Spells: 14/25 levels left

rFire   . . .      SeeInvis .    b - +3 whip (flame)
rCold   . . .      Faith    .    I - +2 kite shield
rNeg    . . .      Spirit   .    m - +1 troll leather armour
rPois   .          Reflect  .    C - +2 hat
rElec   .          Roll     +    F - +2 cloak
rCorr   .                        M - +5 pair of gloves of Fiet {Fly}
Will    +....                    w - +4 barding
Stlth   ++                       (no amulet)
HPRegen 1.20/turn                E - +6 ring of strength
MPRegen 0.18/turn                y - +6 ring of dexterity

@: calling dragons, flying, hasted, very quick
A: large, rugged brown scales 3, deformed body, armoured tail, roll, long
tongue, awkward tongue
a: Renounce Religion, Channel Magic, Forget Spell, Divine Exegesis


You were on level 2 of the Orcish Mines.
You worshipped Sif Muna.
Sif Muna was extremely pleased with you.
You visited 3 branches of the dungeon, and saw 20 of its levels.
You also visited: Sewer.

You collected 2322 gold pieces.
You spent 1160 gold pieces at shops.

Inventory:

Hand Weapons
 a - a +1 spear of freezing
 b - a +3 whip of flaming (weapon)
Missiles
 i - 32 poisoned darts (quivered)
 l - 3 javelins
 r - 9 boomerangs
 H - a boomerang of dispersal
Armour
 m - a +1 troll leather armour (worn)
 w - a +4 barding (worn)
 C - a +2 hat (worn)
 F - a +2 cloak (worn)
 I - a +2 kite shield (worn)
 M - the +5 pair of gloves of Fiet (worn) {Fly}
   (You bought it in a shop on level 6 of the Dungeon)

   Fly:       It grants you flight.
Magical Staves
 o - a staff of death
 p - a staff of conjuration
Jewellery
 y - a +6 ring of dexterity (right hand)
 E - a +6 ring of strength (left hand)
Wands
 D - a wand of polymorph (21)
Scrolls
 d - 4 scrolls of torment
 e - a scroll of immolation
 f - a scroll of fear
 h - 4 scrolls of teleportation {@r3}
 n - a scroll of magic mapping {@r5}
 q - a scroll of vulnerability
 s - a scroll of identify {@r1}
 v - 3 scrolls of blinking {@r4}
 B - 4 scrolls of amnesia
 J - a scroll of silence
 O - a scroll of brand weapon
Potions
 g - a potion of flight
 j - 3 potions of might {@q3}
 k - 2 potions of attraction
 x - 3 potions of cancellation
 A - 2 potions of mutation
 G - a potion of magic
 K - 4 potions of brilliance
 L - a potion of lignification
 P - a potion of berserk rage
Miscellaneous
 Q - a condenser vane (inert)


   Skills:
 - Level 8.0 Fighting
 - Level 5.6 Armour
 - Level 1.3 Dodging
 - Level 2.1 Stealth
 - Level 14.0 Shields
 - Level 6.0 Spellcasting
 - Level 6.0 Summonings
 + Level 12.7 Ice Magic
 - Level 7.1 Invocations
 - Level 7.0 Evocations


You had 14 spell levels left.
You knew the following spells:

 Your Spells              Type           Power      Damage    Failure   Level
a - Freeze                Ice            100%       1d10      1%          1
b - Frozen Ramparts       Ice            100%       1d16      1%          3
c - Ozocubu's Armour      Ice            54%        N/A       1%          3
d - Summon Ice Beast      Ice/Summ       43%        N/A       4%          4

Your spell library contained the following spells:

 Spells                   Type           Power      Damage    Failure   Level
 Foxfire                  Conj/Fire      24%        2x1d5     19%         1
 Shock                    Conj/Air       24%        1d4       19%         1
 Blink                    Tloc           12%        N/A       28%         2
 Poisonous Vapours        Pois/Air       12%        N/A       28%         2
 Sublimation of Blood     Necr           6%         N/A       28%         2
 Wereblood                Tmut           6%         N/A       28%         2
 Dazzling Flash           Conj/Hex       12%        N/A       50%         3
 Inner Flame              Hex/Fire       6%         N/A       50%         3
 Kindle Blastsparks       Fire/Tloc/Air  12%        2d11      50%         3
 Stone Arrow              Conj/Erth      12%        3d7       50%         3
 Vhi's Electric Charge    Tloc/Air       12%        N/A       50%         3
 Animate Armour           Summ/Erth      36%        N/A       50%         4
 Summon Lightning Spire   Summ/Air       18%        N/A       50%         4
 Ozocubu's Refrigeration  Ice            27%        4d13      65%         7
 Cause Fear               Hex            3%         N/A       88%         4
 Flame Wave               Conj/Fire      6%         2d5       88%         4
 Fulminant Prism          Conj/Hex       3%         3d5       88%         4
 Iskenderun's Mystic Bla  Conj/Tloc      6%         2d4       88%         4
 Manifold Assault         Tloc           6%         N/A       88%         4
 Passage of Golubria      Tloc           6%         N/A       88%         4
 Sticky Flame             Conj/Fire      6%         2d3       88%         4
 Arcjolt                  Conj/Air       3%         1d13      99%         5
 Lee's Rapid Deconstruct  Erth           3%         3d5*      99%         5
 Silence                  Hex/Air        3%         N/A       99%         5
 Conjure Ball Lightning   Conj/Air       3%         3x3d6     100%        6
 Dispersal                Tloc           3%         N/A       100%        6
 Dragon Form              Tmut           3%         N/A       100%        7
 Orb of Destruction       Conj           3%         9d5       100%        7
 Storm Form               Tmut/Air       3%         N/A       100%        7
 Summon Hydra             Summ           15%        N/A       100%        7
 Disjunction              Tloc           3%         N/A       100%        8
 Lehudib's Crystal Spear  Conj/Erth      3%         10d2      100%        8
 Maxwell's Capacitive Co  Air            3%         ∞         100%        8
 Dragon's Call            Summ           15%        N/A       100%        9


Dungeon Overview and Level Annotations

Branches:
Dungeon (13/15) Zot: 26456  Temple (0/1) D:7            Lair (5/5) D:10 Zot: 25839
 Shoals (0/4) Lair:3        Snake (0/4) Lair:3        Slime (0/5) Lair:5
    Orc (2/2) D:9 Zot: 11894   Sewer (visited)
    Elf: Orc:2       Vaults: D:13-14

Altars:
Gozag
Nemelex Xobeh
Sif Muna
Wu Jian
Zin
Jiyva

Shops:
D:3 *   D:5 **:*   D:6 ((*?[   D:10 (

Annotations:
Lair:2 exclusion: simulacrum
Lair:5 1 runed translucent door, exclusion: upstairs
Orc:2 Nessos, Saint Roka


Innate Abilities, Weirdness & Mutations

You are completely covered in rugged brown scales. (AC +3, +7% HP)
Armour fits poorly on your strangely shaped body.
You have a long armoured tail.
You roll when moving toward enemies. (Rampage)
Your long tongue fully drains potion bottles. (2x potion effects)
Your tongue gives you trouble enunciating. (1.5x scroll delay)


Message History

The warg looks frightened!
The orc looks frightened!
The orc priest easily resists.
A dragon arrives to answer your call!
Nessos mumbles some strange words.
Nessos blinks!
Saint Roka hits your iron dragon with a +2 long sword of venom.
Your iron dragon is poisoned.
Nessos mumbles some strange words.
Nessos blinks!
Your ice dragon bites the warg!
Your ice dragon's attack snaps the warg out of its fear.
Your ice dragon closely misses the warg.
Your ice dragon tramples the warg!
The warg holds its ground!
What are your orders? t - Shout!
Orders for allies: a - Attack new target. r - Retreat! s - Stop attacking. g - Guard the area. f - Follow me.
Anything else - Cancel.
Gang up on whom?
Press: ? - help, Dir - move target, f - Saint Roka
Aim: Saint Roka, wielding a +2 long sword of venom and wearing a +1 plate armour of fire resistance (lightly wounded, fleeing) Attack!
A dragon arrives to answer your call!
Nessos gestures wildly while chanting.
Nessos blinks!
Your iron dragon's attack snaps Saint Roka out of their fear.
Your iron dragon barely misses Saint Roka.
Saint Roka mumbles some strange prayers to Beogh against you.
Beogh smites you!
* * * LOW HITPOINT WARNING * * *
An orc wizard comes into view. It is wielding a +0 dagger.
Okay, then.
Okay, then.
As you slowly read the scroll of fog, it crumbles to dust.
The scroll dissolves into smoke.
The warg bites your ice dragon.
Nessos mumbles some strange words.
Nessos blinks!
Your ice dragon breathes frost at Saint Roka.
The blast of cold hits Saint Roka!!
Saint Roka mumbles some strange prayers to Beogh against you.
Beogh smites you!
You die...

[...............
...o).D...$$c....
...oDT..........#
...§oo.§........#
....oh...........
....[$.....$.....
.....[†<§D.§.....
...$.[..§h§§....#
.....h.o§@§......
...)....§§§.....#
..[[[<..§§.....##
...............#
...............#
................#
.....#..........
..............#


You could see Saint Roka (ally target), Nessos (fleeing), a troll (fleeing), 3
wargs, 2 orc warriors, 2 orc priests, an orc wizard (strong), a friendly iron
dragon (summoned, very poisoned) and a friendly ice dragon (summoned, catching
breath).

Vanquished Creatures
  2 ettins (D:12)
  An ice dragon (D:12)
  3 hydras
  A catoblepas (Lair:5)
  A boulder beetle (D:12)
  4 death yaks (Lair:4)
  2 two-headed ogres
  2 skysharks
  5 skeletal warriors (D:12)
  4 lindwurms (Lair:5)
  Pikel (D:5)
  2 ugly things (D:12)
  5 cyclopes
  3 manticores
  2 wolf spiders (Lair:5)
  A merfolk siren (Lair:3)
  6 black mambas
  3 slime creatures (D:12)
  A gargoyle (D:12)
  2 torpor snails (Lair:5)
  6 cane toads
  3 rime drakes
  8 komodo dragons
  A kobold demonologist (D:10)
  A polar bear (Lair:2)
  A merfolk (Lair:3)
  A troll (Orc:2)
  6 blink frogs
  A wraith (D:9)
  A vampire (D:12)
  7 wyverns
  19 yaks
  2 shadows
  A nameless horror (D:10)
  4 basilisks
  A warg (Orc:1)
  Menkaure (D:6)
  8 water moccasins
  Duvessa (D:6)
  3 nagas (Lair:3)
  9 orc warriors
  2 ice beasts (D:6)
  8 black bears
  A sky beast (D:6)
  23 wolves
  3 ogres
  3 centaurs
  4 phantoms
  Blork the orc (D:5)
  8 bullfrogs
  7 kobold brigands
  A gnoll sergeant (D:8)
  2 scorpions (D:4)
  A wight (D:9)
  Dowan (D:6)
  2 howler monkeys (D:9)
  3 jellies
  2 gnoll boudas
  4 orc priests
  4 hounds
  3 iguanas
  3 sleepcaps
  15 orc wizards
  A hell rat (Lair:5)
  2 ogre zombies (D:9)
  23 gnolls
  A river rat (Sewer)
  6 adders
  A shadow imp (D:8)
  A white imp (D:8)
  4 ufetubi
  3 worms
  2 dart slugs
  56 orcs
  6 bats
  10 endoplasms
  3 giant cockroaches
  9 goblins
  6 hobgoblins
  4 jackals (D:4)
  6 quokkas
  11 ball pythons
  4 frilled lizards
  A goblin skeleton (D:9)
  3 goblin zombies (D:9)
  A hobgoblin skeleton (D:9)
  15 kobolds
  9 orc zombies (D:9)
  9 rats
434 creatures vanquished.

Vanquished Creatures (collateral kills)
  A sphinx (D:12)
  An orc warlord (Orc:1)
  The ghost of Maxmaps the Skirmisher, a journeyman GnHu of Gozag (Lair:2)
  A boulder beetle (D:12)
  A skyshark (Lair:5)
  A slime creature (Lair:2)
  A merfolk siren (Lair:3)
  2 cane toads
  A komodo dragon (Lair:5)
  A rime drake (Lair:5)
  A merfolk (Lair:3)
  A polar bear (Lair:5)
  A blink frog (Lair:5)
  A wight (D:9)
  A troll zombie (D:9)
  2 jellies (Lair:2)
  3 orcs
  3 orc zombies (D:9)
24 creatures vanquished.

Vanquished Creatures (others)
  13 fungi
  26 plants
39 creatures vanquished.

Grand Total: 497 creatures vanquished

Notes
Turn   | Place    | Note
-------+----------+-------------------------------------------
     0 | D:1      | iguanaiguana the Armataur Ice Elementalist began the quest
                  | for the Orb.
     0 | D:1      | Reached XP level 1. HP: 14/14 MP: 3/3
    82 | D:2      | Reached XP level 2. HP: 14/21 MP: 0/4
   215 | D:3      | Found Eboq's Assorted Antiques.
   280 | D:3      | Reached XP level 3. HP: 22/27 MP: 1/5
   287 | D:3      | Learned a level 3 spell: Frozen Ramparts
   342 | D:2      | Found a shimmering blue altar of Sif Muna.
   346 | D:2      | Became a worshipper of Sif Muna the Loreminder
   594 | D:2      | Reached skill level 5 in Ice Magic
   594 | D:2      | Reached XP level 4. HP: 35/35 MP: 0/7
   803 | D:3      | Reached * piety under Sif Muna
   871 | D:3      | Found a sparkling altar of Nemelex Xobeh.
   905 | D:3      | Identified the +2 leather armour of Tytowuf {rPois Int+4}
   922 | D:3      | Learned a level 3 spell: Ozocubu's Armour
  1003 | D:3      | Reached XP level 5. HP: 28/40 MP: 0/8
  1222 | D:4      | Reached XP level 6. HP: 46/48 MP: 3/9
  1300 | D:4      | Reached ** piety under Sif Muna
  1345 | D:4      | Reached skill level 1 in Summonings
  1557 | D:4      | Reached XP level 7. HP: 47/53 MP: 3/10
  1576 | D:4      | Found an ornate altar of the Wu Jian Council.
  1628 | D:4      | Found an opulent altar of Gozag.
  1657 | D:5      | Entered Level 5 of the Dungeon
  1685 | D:5      | Learned a level 4 spell: Summon Ice Beast
  1768 | D:5      | Found Fezima's Book Emporium.
  1769 | D:5      | Found Jiybis's General Store.
  1770 | D:5      | Found Gaoqay's General Store.
  1770 | D:5      | Found Boemiadohi's General Store.
  1834 | D:5      | Found a glowing drain.
  1854 | Sewer    | Entered a sewer
  2165 | Sewer    | Reached skill level 5 in Summonings
  2165 | Sewer    | Reached XP level 8. HP: 57/60 MP: 7/11
  2179 | Sewer    | Reached *** piety under Sif Muna
  2186 | Sewer    | Reached skill level 1 in Invocations
  2274 | Sewer    | Reached skill level 1 in Fighting
  2337 | D:6      | Found Waupsac's Magic Scroll Boutique.
  2337 | D:6      | Found Tasimup's Weapon Shoppe.
  2341 | D:6      | Found Aniskic's Antique Armour Shoppe.
  2352 | D:6      | Noticed Menkaure
  2430 | D:5      | Noticed Blork the orc
  2436 | D:5      | Killed Blork the orc
  2554 | D:3      | Bought an embroidered cloak for 187 gold pieces
  2559 | D:3      | Bought a scroll labelled JOPHUUL SEOM for 25 gold pieces
  2625 | D:5      | Found a glowing silver altar of Zin.
  2629 | D:5      | Noticed Pikel
  2643 | D:5      | Killed Pikel
  2708 | D:5      | Reached XP level 9. HP: 68/73 MP: 9/13
  2799 | D:6      | Killed Menkaure
  2893 | D:6      | Found Hosux's General Store.
  2922 | D:6      | Noticed Duvessa
  2925 | D:6      | Noticed Dowan
  2931 | D:6      | Killed Duvessa
  2937 | D:6      | Killed Dowan
  3063 | D:6      | Found Runufos's Weapon Emporium.
  3067 | D:6      | Reached **** piety under Sif Muna
  3076 | D:7      | Found a staircase to the Ecumenical Temple.
  3476 | D:8      | Reached skill level 5 in Fighting
  3530 | D:10     | Entered Level 10 of the Dungeon
  3563 | D:10     | Noticed a two-headed ogre
  3566 | D:10     | Found a staircase to the Lair.
  3584 | D:10     | Killed a two-headed ogre
  3585 | D:10     | Reached XP level 10. HP: 58/92 MP: 4/14
  3642 | D:10     | Reached skill level 1 in Armour
  3666 | D:10     | Reached ***** piety under Sif Muna
  3667 | D:10     | Received a gift from Sif Muna
  3932 | D:10     | Found Rihirry's Weapon Shoppe.
  3944 | D:10     | Noticed a smoke demon
  3949 | D:10     | Reached skill level 5 in Armour
  4108 | D:9      | Reached skill level 1 in Shields
  4114 | D:9      | Reached skill level 2 in Shields
  4129 | D:9      | Reached skill level 3 in Shields
  4282 | D:6      | Bought a pair of scorched gloves for 199 gold pieces
  4282 | D:6      | Identified the +5 pair of gloves of Fiet {Fly} (You bought
                  | it in a shop on level 6 of the Dungeon)
  4471 | D:10     | Reached skill level 4 in Shields
  4490 | D:10     | Noticed a four-headed hydra
  4548 | Lair:1   | Entered Level 1 of the Lair of Beasts
  4569 | Lair:1   | Reached skill level 5 in Shields
  4626 | Lair:1   | Identified a scroll of acquirement
  4626 | Lair:1   | Acquired 821 gold pieces
  4718 | D:6      | Bought a runed troll leather armour for 378 gold pieces
  4738 | D:6      | Bought a scroll of amnesia for 56 gold pieces
  4738 | D:6      | Bought a scroll of identify for 28 gold pieces
  4738 | D:6      | Bought a scroll of identify for 28 gold pieces
  4738 | D:6      | Bought a scroll of identify for 28 gold pieces
  4775 | D:5      | Bought a potion of brilliance for 56 gold pieces
  4775 | D:5      | Bought a scroll of teleportation for 42 gold pieces
  4775 | D:5      | Bought a scroll of identify for 28 gold pieces
  4810 | D:6      | Bought a scroll of magic mapping for 105 gold pieces
  4919 | Lair:2   | Noticed a black mamba
  4928 | Lair:2   | Killed a black mamba
  4929 | Lair:2   | Reached skill level 6 in Shields
  4929 | Lair:2   | Reached XP level 11. HP: 100/100 MP: 9/15
  4960 | Lair:2   | Noticed a skyshark
  4962 | Lair:2   | Received a gift from Sif Muna
  4976 | Lair:2   | Killed a skyshark
  5012 | Lair:2   | Found a runed translucent gate.
  5012 | Lair:2   | Found a runed translucent gate.
  5016 | Lair:2   | Found a runed translucent gate.
  5070 | Lair:2   | Noticed Maxmaps's ghost (journeyman GnHu)
  5104 | Lair:2   | Reached skill level 10 in Ice Magic
  5295 | Lair:3   | Noticed a skyshark
  5307 | Lair:3   | Killed a skyshark
  5410 | Lair:3   | Found a staircase to the Shoals.
  5429 | Lair:3   | Reached skill level 7 in Shields
  5445 | Lair:3   | Noticed a six-headed hydra
  5457 | Lair:3   | Reached XP level 12. HP: 108/108 MP: 2/16
  5474 | Lair:3   | Killed a six-headed hydra
  5475 | Lair:3   | Reached skill level 8 in Shields
  5505 | Lair:3   | Found a staircase to the Snake Pit.
  5612 | Lair:5   | Entered Level 5 of the Lair of Beasts
  5643 | Lair:5   | Reached skill level 9 in Shields
  5759 | Lair:5   | Reached skill level 10 in Shields
  5843 | Lair:4   | Noticed a death yak
  5844 | Lair:4   | Noticed a death yak
  5940 | Lair:5   | Reached skill level 5 in Spellcasting
  6048 | Lair:5   | Reached skill level 1 in Evocations
  6063 | Lair:5   | Received a gift from Sif Muna
  6065 | Lair:5   | Got Sif Muna's Volume of the Stormy Shot {god gift}
  6082 | Lair:5   | Noticed a four-headed hydra
  6089 | Lair:5   | Killed a four-headed hydra
  6139 | Lair:5   | Reached skill level 5 in Evocations
  6149 | Lair:5   | Noticed a catoblepas
  6186 | Lair:5   | Killed a catoblepas
  6187 | Lair:5   | Reached XP level 13. HP: 114/114 MP: 7/22
  6398 | Lair:5   | Found a runed translucent door.
  6399 | Lair:5   | Found a viscous altar of Jiyva.
  6399 | Lair:5   | Noticed an acid blob
  6400 | Lair:5   | Found a staircase to the Slime Pits.
  6400 | Lair:5   | Noticed an acid blob
  6527 | Lair:2   | Found a viscous altar of Jiyva.
  6557 | Lair:2   | Reached skill level 11 in Shields
  6577 | Lair:2   | Killed Maxmaps's ghost
  6843 | D:12     | Reached skill level 12 in Shields
  6873 | D:12     | Reached skill level 13 in Shields
  6947 | D:12     | Noticed an ettin
  6984 | D:12     | Killed an ettin
  7133 | D:12     | Noticed an ettin
  7168 | D:12     | Killed an ettin
  7169 | D:12     | Reached skill level 14 in Shields
  7241 | D:12     | Noticed a sphinx
  7251 | D:12     | Killed a sphinx
  7264 | D:12     | Reached XP level 14. HP: 113/123 MP: 5/23
  7452 | D:9      | Found a staircase to the Orcish Mines.
  7468 | D:9      | Received a gift from Sif Muna
  7480 | Orc:1    | Entered Level 1 of the Orcish Mines
  7555 | Orc:2    | Entered Level 2 of the Orcish Mines
  7555 | Orc:2    | Noticed an orc warlord
  7556 | Orc:2    | Noticed Saint Roka
  7577 | Orc:1    | Killed an orc warlord
  7579 | Orc:2    | Noticed Nessos
  7583 | Orc:2    | HP: 6/123 [Saint Roka/divine providence (11)]
  7584 | Orc:2    | Killed from afar by Saint Roka

Illustrated notes

Levels and vault maps discovered:
D:1:      reono_arrival_mine, layout_basic
D:2:      layout_loops_ring, basic_altar, due_unseen_surprise
D:3:      layout_basic, nemelex_dance_club_becter, serial_shops,
          nicolae_shop_competitors_out_of_business, nicolae_grassy_gnolls
D:4:      layout_cave_pools, nicolae_wu_jian_wuxing_cycle, serial_park,
          serial_park_square2, serial_park_square3
          [serial_park_minivault_5x5_4], serial_park_gazebo
          [serial_park_minivault_5x5_5], minmay_unequal
D:5:      layout_loops_ring, mainiacjoe_overflow_brackets, portal_sewer_entry_a,
          grunt_ministairs_15, minmay_shop_grid_forest, uniq_blork_the_orc,
          uniq_pikel
D:6:      layout_rooms, serial_shops, nicolae_shop_stone, shop,
          nicolae_square_shop, nicolae_shop_bloodbath_and_beyond, shop,
          uniq_menkaure, uniq_duvessa, uniq_crazy_yiuf_cottage
D:7:      layout_loops_corners, nicolae_overflow_crystal_walls,
          minmay_temple_entry_mist, serial_shops, shop_fountains
D:8:      layout_loops_cross, led_sif_book
D:9:      layout_rooms, tgw_fedhas, zombieorc1_lemuel
D:10:     layout_small_grid, kennysheep_mini_moat,
          ashenzari_conservatory_becter, minmay_lair_entry_grove, serial_shops,
          shop, minmay_three_doors
D:11:     layout_basic, serial_park_tiny_pond, minmay_misc_feat_five,
          bh_circular_ruins
D:12:     minmay_octo_star, layout_loops_cross
D:13:     minmay_heptahexagon, layout_small_grid, ximxim_vaults_locker_room,
          grunt_decor_cap, serial_bayou_ford_a, corexii_hall_statues_t,
          zin_academy, uniq_frances
Lair:1:   layout_cellular_growth, columned_hall_lemuel
Lair:2:   layout_cave_shapes, gammafunk_ghost_ooze,
          portal_ice_cave_entry_ice_simulacra, lemuel_fruit_tree
Lair:3:   layout_big_grid, elwin_shoals_entry_stream,
          nicolae_snake_entry_squirm, serial_bayou_shore_a
Lair:4:   layout_small_grid, grunt_megastairs_3
Lair:5:   guppyfry_lair_end_dragon, layout_regular_city,
          hangedman_lair_in_review, slime_entry_2,
          nicolae_lair_run_with_the_wolves
Orc:1:    layout_diamond_mine, basic_altar, bloody_makhleb, uniq_snorg
Orc:2:    pf_orc_diabolical, layout_caves, basic_altar, abandoned_shop,
          uniq_saint_roka, uniq_nessos

Skill      XL: |  1  2  3  4  5  6  7  8  9 10 11 12 13 |
---------------+----------------------------------------+-----
Ice Magic      | 4 5 6 7 8 11 12 | 12.7
Spellcasting   | 2 6 |  6.0
Summonings     | 2 5 6 |  6.0
Invocations    | 6 7 |  7.1
Fighting       | 3 7 8 |  8.0
Armour         | 5 |  5.6
Shields        | 6 7 10 14 | 14.0
Evocations     | 5 7 |  7.0
Dodging        | |  1.3
Stealth        | |  2.1

Action                     |  1- 3 |  4- 6 |  7- 9 | 10-12 | 13-15 || total
---------------------------+-------+-------+-------+-------+-------++-------
  Melee: Unarmed           |     4 |       |       |       |       ||     4
         Dagger            |    15 |       |       |       |       ||    15
         Flail             |    42 |    40 |       |       |       ||    82
         Tailslap          |     4 |     5 |    24 |    62 |    66 ||   161
         Spear             |       |    44 |   150 |   126 |     6 ||   326
         Punch             |       |     1 |     4 |       |       ||     5
         Morningstar       |       |    13 |       |       |       ||    13
         Whip              |       |       |    53 |   263 |   242 ||   558
  Throw: Dart              |       |     3 |     5 |     5 |    12 ||    25
         Boomerang         |       |       |       |     2 |    14 ||    16
         Throwing net      |       |       |       |     1 |       ||     1
   Cast: Freeze            |    16 |     5 |     5 |       |       ||    26
         Frozen Ramparts   |     2 |    13 |    45 |    68 |    46 ||   174
         Ozocubu's Armour  |       |     4 |    14 |    19 |    19 ||    56
         Summon Ice Beast  |       |       |     1 |    14 |    17 ||    32
         Dragon's Call     |       |       |       |       |     1 ||     1
 Invoke: Channel Magic     |       |       |       |     2 |     1 ||     3
         Divine Exegesis   |       |       |       |       |     1 ||     1
  Evoke: Condenser vane    |       |       |       |     1 |     2 ||     3
         Wand              |       |       |       |       |     5 ||     5
    Use: Potion            |       |     2 |     2 |     2 |     9 ||    15
         Scroll            |       |     5 |     5 |    19 |     8 ||    37
   Stab: Sleeping          |     1 |     3 |     2 |     1 |       ||     7
         Distracted        |       |       |       |     3 |     1 ||     4
         Held in net/web   |       |       |       |     1 |       ||     1
         Invisible         |       |       |       |       |     4 ||     4
 Armour: Robe              |    37 |     7 |       |       |       ||    44
         Leather armour    |       |    41 |   164 |   140 |       ||   345
         Skin              |       |       |    28 |       |       ||    28
         Troll leather arm |       |       |       |   236 |   216 ||   452
  Dodge: Dodged            |    46 |    62 |   115 |   147 |    86 ||   456
  Block: Kite shield       |       |       |       |   284 |   213 ||   497

Table legend: (Time is in decaauts)
 A = Elapsed time spent in this place.
 B = Non-inter-level travel time spent in this place.
 C = Inter-level travel time spent in this place.
 D = Time resting spent in this place.
 E = Time spent auto-exploring this place.
 F = Levels seen in this place.
 G = Mean time per level.
                   A        B        C        D        E       F      G
               +--------+--------+--------+--------+--------+-----+--------+
         Total |   7876 |   7016 |    860 |    102 |      0 |  21 |  375.0 |
       Dungeon |   5307 |   4619 |    688 |     93 |      0 |  13 |  408.2 |
          Lair |   2012 |   1841 |    171 |      9 |      0 |   5 |  402.4 |
  Orcish Mines |    104 |    104 |      0 |      0 |      0 |   2 |   52.0 |
         Sewer |    451 |    451 |      0 |      0 |      0 |   1 |  451.0 |
               +--------+--------+--------+--------+--------+-----+--------+

Top non-repeatable levels by time:
  Lair:5: 879 daAuts
     D:4: 652 daAuts
    D:12: 645 daAuts
     D:5: 613 daAuts
    D:10: 584 daAuts
     D:6: 529 daAuts
     D:2: 456 daAuts
   Sewer: 451 daAuts
     D:3: 426 daAuts
  Lair:2: 413 daAuts
     D:8: 407 daAuts
  Lair:3: 394 daAuts
     D:9: 387 daAuts
     D:1: 261 daAuts
     D:7: 239 daAuts
